 Dungeon Crawl Stone Soup version 0.31-a0-774-g0d66cbabe8 (webtiles) character file.

Game seed: 9115587352729912322

14569 CrazyBamboolord the Frost Mage (level 11, -24/81 HPs)
             Began as a Demonspawn Ice Elementalist on Sept 17, 2023.
             Was a Believer of Vehumet.
             Killed from afar by a frost giant (45 damage)
             ... with a bolt of cold
             ... on level 11 of the Dungeon.
             The game lasted 00:28:17 (10949 turns).

CrazyBamboolord the Frost Mage (DsIE)              Turns: 10949, Time: 00:28:18

Health: -24/81     AC: 10    Str:  8    XL:     11   Next: 90%
Magic:  22/22      EV: 14    Int: 21    God:    Vehumet [**....]
Gold:   909        SH:  4    Dex: 14    Spells: 9/25 levels left

rFire   . . .        t - +9 war axe of Ignis's Benevolence {venom, rElec rPois}
rCold   . . .        (no shield)
rNeg    . . .        G - +0 troll leather armour
rPois   +            c - +0 helmet
rElec   +            o - +2 cloak
rCorr   .            A - +2 pair of gloves
SInv    .            (no boots)
Will    .....        (no amulet)
Stlth   +            (no ring)
HPRegen 1.13/turn    (no ring)
MPRegen 0.18/turn

%: no passive effects
@: mighty, silenced
A: hooves 2, large bone plates 1, powered by pain 2
a: Renounce Religion


You were on level 11 of the Dungeon.
You worshipped Vehumet.
Vehumet was pleased with you.
You visited 2 branches of the dungeon, and saw 12 of its levels.

You collected 909 gold pieces.

Inventory:

Hand Weapons
 s - a +2 dagger of venom
 t - the +9 war axe of Ignis's Benevolence (weapon) {venom, rElec rPois}
   (You took it off a hobgoblin on level 4 of the Dungeon)

   rElec:     It insulates you from electricity.
   rPois:     It protects you from poison
Armour
 c - a +0 helmet (worn)
 o - a +2 cloak (worn)
 A - a +2 pair of gloves (worn)
 G - a +0 troll leather armour (worn)
Jewellery
 C - an amulet of faith
Wands
 w - a wand of polymorph (5)
 x - a wand of roots (21)
 z - a wand of paralysis (4)
 E - a wand of digging (6)
Scrolls
 d - 3 scrolls of brand weapon
 e - 2 scrolls of enchant weapon
 h - a scroll of enchant armour
 i - a scroll of noise
 l - 3 scrolls of vulnerability
 m - 4 scrolls of revelation
 r - a scroll of blinking {unknown}
 u - a scroll of poison {unknown}
 y - a scroll of fear {unknown}
 B - a scroll of acquirement {unknown}
 D - a scroll of immolation {unknown}
Potions
 b - 2 potions of magic
 n - 3 potions of might
 p - a potion of resistance {unknown}
 q - 2 potions of attraction
 v - 2 potions of enlightenment {unknown}
 F - a potion of mutation {unknown}
 H - a potion of cancellation {unknown}


   Skills:
 + Level 6.1 Fighting
 + Level 7.6 Dodging
 - Level 4.0 Stealth
 + Level 7.6 Spellcasting
 * Level 6.6 Conjurations
 * Level 8.4 Hexes
 * Level 9.1 Ice Magic


You had 9 spell levels left.
You knew the following spells:

 Your Spells              Type           Power      Damage    Failure   Level
a - Freeze                Ice            100%       1d10      1%          1
b - Frozen Ramparts       Ice            92%        1d14      1%          3
c - Ozocubu's Armour      Ice            46%        N/A       1%          3
d - Metabolic Englaciati  Hex/Ice        22%        N/A       9%          5
e - Fulminant Prism       Conj/Hex       19%        3d10      5%          4

Your spell library contained the following spells:

 Spells                   Type           Power      Damage    Failure   Level
 Searing Ray              Conj           72%        2d7       1%          2
 Momentum Strike          Conj/Tloc      44%        3d9       4%          2
 Stone Arrow              Conj/Erth      44%        3d9       9%          3
 Blink                    Tloc           16%        N/A       19%         2
 Lesser Beckoning         Tloc           16%        N/A       19%         2
 Summon Ice Beast         Ice/Summ       27%        N/A       19%         4
 Iskenderun's Mystic Bla  Conj/Tloc      22%        2d6       30%         4
 Gell's Gravitas          Tloc           8%         N/A       34%         3
 Teleport Other           Tloc           8%         N/A       34%         3
 Volatile Blastmotes      Fire/Tloc      16%        2d11      34%         3
 Animate Armour           Summ/Erth      16%        N/A       75%         4
 Petrify                  Tmut/Erth      8%         N/A       75%         4
 Simulacrum               Ice/Necr       13%        N/A       96%         6
 Lehudib's Crystal Spear  Conj/Erth      11%        10d4      100%        8


Dungeon Overview and Level Annotations

Branches:
Dungeon (11/15)            Temple (1/1) D:5
   Lair: D:8-11         Orc: D:9-12

Altars:
Ashenzari
Cheibriados
Dithmenos
Fedhas
Gozag
Hepliaklqana
Kikubaaqudgha
Makhleb
Nemelex Xobeh
Okawaru
Qazlal
Ru
Sif Muna
Trog
Uskayaw
Vehumet
Wu Jian
Xom
Yredelemnul

Annotations:
D:11 Erica


Innate Abilities, Weirdness & Mutations

You have hoof-like feet.
You are partially covered in large bone plates. (SH +4)
You sometimes gain power by taking damage.


Message History

The wall freezes the ettin!
The ettin hits you with a +0 dire flail!! x2
* * * LOW HITPOINT WARNING * * *
You focus on the pain.
You feel your power returning.
The wall freezes the cyclops!
The wall freezes the frost giant but does no damage.
The wall freezes the ettin.
You swap places.
Your icy armour cracks and falls away as you move.
The frozen ramparts melt away as you move.
You kill the ettin!
Vehumet accepts your kill.
Your kobold demonologist hits the frost giant with a +0 dagger.
There is an open door here.
You swap places.
The frost giant hits your kobold demonologist with a +1 battleaxe of freezing!!
The frost giant freezes your kobold demonologist.
Your kobold demonologist hits the frost giant with a +0 dagger.
Unknown command.
Unknown command.
The frost giant hits your kobold demonologist but does no damage.
Your kobold demonologist gestures wildly while chanting.
Unknown command.
The frost giant hits your kobold demonologist with a +1 battleaxe of freezing!
The frost giant freezes your kobold demonologist.
Your kobold demonologist dies!
Your kobold demonologist's corpse dissolves into shadows!
Your white imp disappears in a puff of smoke! x2
There is an open door here.
Things that are here:
9 large rocks; a cyclops corpse You close the door.
As you read the scroll labelled DEVALID YKLE, it crumbles to dust.
A profound silence engulfs you.
It was a scroll of silence.
Things that are here:
4 large rocks; a cyclops corpse The frost giant casts a spell at you.
The bolt of cold hits you!!!
Ouch! That really hurt!
You die...

#.ยง.#
####...#
#.('...#
#C##...#
#.##...#
#.##...#
#.##...#
#.###'##
#@#....#
#.#....#
#.#....#
#.#....#
#.#....#
#####'#....#
#.....#....#
#.....#....#
+....(#....#


You could see a frost giant.

Vanquished Creatures
  An ettin (D:11)
  An ogre mage (D:11)
  A two-headed ogre (D:10)
  11 cyclopes
  A komodo dragon (D:10)
  A hornet (D:9)
  4 trolls (D:10)
  3 slime creatures (D:8)
  A shadow (D:10)
  A wraith (D:10)
  11 yaks (D:9)
  Grum (D:9)
  3 steam dragons
  Menkaure (D:5)
  3 wargs
  An acid dragon (D:10)
  A water moccasin (D:9)
  2 sky beasts
  2 orc warriors
  4 black bears
  An ice beast (D:5)
  6 wolves
  6 ogres
  3 centaurs
  A phantom (D:6)
  2 bullfrogs
  2 scorpions (D:6)
  4 wights (D:7)
  5 killer bees (D:10)
  4 howler monkeys
  3 orc priests
  2 hounds
  2 jellies
  A gnoll bouda (D:9)
  5 iguanas
  2 orc wizards (D:9)
  16 gnolls
  7 adders
  3 white imps
  An ufetubus (D:4)
  2 worms (D:2)
  2 dart slugs
  19 orcs
  6 bats
  5 endoplasms
  6 giant cockroaches
  8 goblins
  5 hobgoblins
  8 kobolds
  4 quokkas
  2 ball pythons (D:2)
  4 frilled lizards
  5 rats
206 creatures vanquished.

Vanquished Creatures (others)
  A warg (D:11)
  8 fulminant prisms
9 creatures vanquished.

Grand Total: 215 creatures vanquished

Notes
Turn   | Place    | Note
-------+----------+-------------------------------------------
     0 | D:1      | CrazyBamboolord the Demonspawn Ice Elementalist began the
                  | quest for the Orb.
     0 | D:1      | Reached XP level 1. HP: 13/13 MP: 3/3
   330 | D:1      | Gained mutation: You sometimes gain a little power by
                  | taking damage. [demonic ancestry]
   330 | D:1      | Reached XP level 2. HP: 19/19 MP: 3/5
  1152 | D:2      | Gained mutation: You are partially covered in large bone
                  | plates. (SH +4) [demonic ancestry]
  1152 | D:2      | Reached XP level 3. HP: 25/25 MP: 3/6
  1635 | D:2      | Learned a level 3 spell: Frozen Ramparts
  1665 | D:3      | Reached skill level 4 in Ice Magic
  1717 | D:3      | Found a shimmering altar of Xom.
  2114 | D:3      | Reached skill level 1 in Fighting
  2205 | D:3      | Gained mutation: You sometimes gain power by taking damage.
                  | [demonic ancestry]
  2205 | D:3      | Reached XP level 4. HP: 31/32 MP: 3/7
  2947 | D:4      | Reached XP level 5. HP: 21/37 MP: 2/9
  3272 | D:4      | Identified the +9 war axe of Ignis's Benevolence {venom,
                  | rElec rPois}
  3632 | D:5      | Entered Level 5 of the Dungeon
  3741 | D:5      | Reached XP level 6. HP: 39/44 MP: 5/10
  3887 | D:5      | Reached skill level 1 in Hexes
  4226 | D:5      | Noticed an ice beast
  4231 | D:5      | Killed an ice beast
  4232 | D:5      | Gained mutation: You have large cloven feet. [demonic
                  | ancestry]
  4232 | D:5      | Reached XP level 7. HP: 50/50 MP: 12/12
  4234 | D:5      | Noticed Menkaure
  4246 | D:5      | Killed Menkaure
  4247 | D:5      | Reached skill level 5 in Ice Magic
  4848 | D:5      | Found a staircase to the Ecumenical Temple.
  5069 | Temple   | Entered the Ecumenical Temple
  5082 | Temple   | Became a worshipper of Vehumet
  5295 | D:6      | Reached XP level 8. HP: 40/57 MP: 8/14
  5305 | D:6      | Learned a level 3 spell: Ozocubu's Armour
  5434 | D:6      | You fall into a shaft and drop 2 floors!
  6101 | D:6      | Learned a level 5 spell: Metabolic Englaciation
  6141 | D:7      | Reached skill level 5 in Dodging
  6141 | D:7      | Reached skill level 5 in Spellcasting
  6333 | D:7      | Reached skill level 6 in Ice Magic
  6599 | D:7      | Reached XP level 9. HP: 55/64 MP: 9/16
  6792 | D:7      | Reached * piety under Vehumet
  6792 | D:7      | Offered knowledge of Foxfire by Vehumet.
  7573 | D:8      | Killed a large slime creature
  7574 | D:8      | Reached skill level 1 in Conjurations
  7574 | D:8      | Reached skill level 5 in Hexes
  7909 | D:9      | Reached skill level 7 in Ice Magic
  7914 | D:9      | Reached XP level 10. HP: 71/73 MP: 11/19
  8250 | D:9      | Reached ** piety under Vehumet
  8250 | D:9      | Offered knowledge of Shock by Vehumet.
  8511 | D:9      | Noticed Grum
  8518 | D:9      | Killed Grum
  8860 | D:9      | Learned a level 4 spell: Fulminant Prism
  8880 | D:10     | Entered Level 10 of the Dungeon
  9278 | D:10     | Reached skill level 5 in Fighting
  9946 | D:11     | Noticed a two-headed ogre
  9980 | D:11     | Noticed Erica
 10087 | D:11     | Noticed a cyclops
 10213 | D:11     | Noticed a cyclops
 10215 | D:11     | Noticed a cyclops
 10225 | D:10     | Reached skill level 8 in Ice Magic
 10253 | D:10     | Gained mutation: You have hoof-like feet. [demonic
                  | ancestry]
 10253 | D:10     | Reached XP level 11. HP: 39/79 MP: 21/21
 10299 | D:10     | Reached skill level 5 in Conjurations
 10343 | D:10     | Killed a two-headed ogre
 10584 | D:11     | Noticed an ogre mage
 10593 | D:11     | Killed an ogre mage
 10667 | D:11     | HP: 1/81 [cyclops (23)]
 10668 | D:11     | Offered knowledge of Searing Ray by Vehumet.
 10673 | D:11     | HP: 4/81 [cyclops (17)]
 10826 | D:11     | Reached skill level 9 in Ice Magic
 10920 | D:11     | Noticed an ettin
 10920 | D:11     | Noticed an ettin
 10920 | D:11     | Noticed a frost giant
 10936 | D:11     | Killed an ettin
 10949 | D:11     | Killed from afar by a frost giant

Illustrated notes

Levels and vault maps discovered:
D:1:      nicolae_arrival_washed_ashore, layout_basic
D:2:      layout_rooms, serial_curves, eino_curves_02, eino_curves_02,
          eino_curves_03, eino_curves_02
D:3:      layout_basic, mainiacjoe_overflow_chevrons
D:4:      layout_basic
D:5:      wad_crossroads, layout_basic, minmay_temple_entry_poolview,
          uniq_menkaure
D:6:      layout_rooms, minmay_misc_feat_nine_boxes, corexii_leaking_fountain
D:7:      layout_loops_ring
D:8:      layout_cave_pools, nicolae_sextant, moated_statue
D:9:      layout_loops_ring, uniq_grum
D:10:     layout_loops_ring
D:11:     giant_chief_lemuel, layout_irregular_city, david_lair_generic,
          david_orc_2, minivault_13, uniq_erica
Temple:   minmay_crystal_snake_temple

Skill      XL: |  1  2  3  4  5  6  7  8  9 10 11 |
---------------+----------------------------------+-----
Dodging        | 2 3 4 5 6 7 |  7.6
Stealth        | 2 3 4 |  4.0
Ice Magic      | 4 5 6 7 8 9 |  9.1
Fighting       | 1 2 3 4 5 6 |  6.1
Spellcasting   | 3 4 5 6 7 |  7.6
Hexes          | 1 3 4 5 7 8 |  8.4
Conjurations   | 2 4 6 |  6.6

Action                     |  1- 3 |  4- 6 |  7- 9 | 10-12 || total
---------------------------+-------+-------+-------+-------++-------
  Melee: Dagger            |    16 |     1 |       |       ||    17
         Unarmed           |     1 |       |       |       ||     1
         Hand axe          |     7 |     4 |       |       ||    11
         War axe           |       |     4 |    69 |    96 ||   169
         Kick              |       |       |    28 |    32 ||    60
         Punch             |       |       |       |     2 ||     2
   Cast: Freeze            |    83 |    78 |    79 |     1 ||   241
         Frozen Ramparts   |     1 |       |    24 |    36 ||    61
         Ozocubu's Armour  |       |       |     8 |    29 ||    37
         Fulminant Prism   |       |       |       |     9 ||     9
         Metabolic Englaci |       |       |       |     7 ||     7
  Evoke: Wand              |       |     1 |       |       ||     1
    Use: Scroll            |     4 |       |     2 |     7 ||    13
         Potion            |       |       |     1 |    10 ||    11
   Stab: Sleeping          |     1 |       |     1 |     1 ||     3
 Armour: Robe              |    43 |    31 |   115 |    42 ||   231
         Troll leather arm |       |       |       |    84 ||    84
  Dodge: Dodged            |    62 |    38 |   112 |   145 ||   357
  Block: Other             |     9 |    14 |    22 |    38 ||    83
         Form:             |     1 |       |       |       ||     1
         Anaconda          |     1 |       |       |       ||     1

Table legend: (Time is in decaauts)
 A = Elapsed time spent in this place.
 B = Non-inter-level travel time spent in this place.
 C = Inter-level travel time spent in this place.
 D = Time resting spent in this place.
 E = Time spent auto-exploring this place.
 F = Levels seen in this place.
 G = Mean time per level.
                   A        B        C        D        E       F      G
               +--------+--------+--------+--------+--------+-----+--------+
         Total |  11047 |  10464 |    583 |    861 |   7841 |  12 |  920.6 |
       Dungeon |  11020 |  10460 |    560 |    861 |   7841 |  11 | 1001.8 |
        Temple |     26 |      3 |     23 |      0 |      0 |   1 |   26.0 |
               +--------+--------+--------+--------+--------+-----+--------+

Top non-repeatable levels by time:
    D:10: 1540 daAuts
     D:5: 1489 daAuts
     D:7: 1161 daAuts
     D:4: 1142 daAuts
     D:9: 1016 daAuts
     D:8: 871 daAuts
     D:3: 854 daAuts
     D:2: 844 daAuts
     D:1: 796 daAuts
     D:6: 730 daAuts
    D:11: 572 daAuts
  Temple: 26 daAuts
